 Dungeon Sprint DCSS version 0.30.1-4-g462c640d31 (webtiles) character file.

Game seed: 12579249566341874924

445 Heoruswealwe the Protected (level 7, -1/71 HPs)
             Began as a Hill Orc Fighter on Aug 23, 2023.
             Was an Initiate of the Shining One.
             Slain by a slime creature (16 damage)
             ... in the Dungeon (Sprint I: "Red Sonja").
             The game lasted 00:00:57 (109 turns).

Heoruswealwe the Protected (Hill Orc Fighter)        Turns: 109, Time: 00:00:57

Health: -1/71      AC:  8    Str: 21    XL:     7   Next: 3%
Magic:  7/7        EV:  9    Int:  8    God:    the Shining One [......]
Gold:   253        SH:  5    Dex: 10    Spells: 6/6 levels left

rFire   . . .        a - +0 war axe
rCold   . . .        c - +0 buckler
rNeg    . . .        b - +0 scale mail
rPois   .            (no helmet)
rElec   .            (no cloak)
rCorr   .            (no gloves)
SInv    .            (no boots)
Will    .....        (no amulet) Stlth
                     (no ring)
HPRegen 0.31/turn    (no ring)
MPRegen 0.10/turn

%: no teleportation
@: glowing
A: no striking features
a: Renounce Religion


You were in the Dungeon.
You worshipped the Shining One.
The Shining One was noncommittal.
You visited 1 branch You collected 253 gold pieces.

Inventory:

Hand Weapons
 a - a +0 war axe (weapon)
Armour
 b - a +0 scale mail (worn)
 c - a +0 buckler (worn)
Scrolls
 j - a scroll of blinking
 k - a scroll of vulnerability {unknown}
Potions
 d - a potion of might
 e - a potion of curing
 f - a potion of heal wounds
 g - a potion of haste
 h - 2 potions of magic
 i - a potion of berserk rage


   Skills:
 + Level 9.7 Fighting
 + Level 8.0 Axes
 + Level 9.7 Armour
 + Level 8.6 Shields


You had 6 spell levels left.
You didn't know any spells.
Your spell library was empty.

Dungeon Overview and Level Annotations

Branches:
Dungeon (1/1)

Altars:
Cheibriados
Dithmenos
Elyvilon
Fedhas
Gozag
Hepliaklqana
Kikubaaqudgha
Makhleb
Nemelex Xobeh
Okawaru
Qazlal
Ru
Sif Muna
Trog
Uskayaw
Vehumet
Wu Jian
Xom
Yredelemnul
Zin
The Shining One
Jiyva
Lugonu

Shops:
D :


Message History

You barely miss the yak.
The yak is heavily wounded.
The yak gores you!
* * * LOW HITPOINT WARNING * * *
You slash the yak!
The yak is almost dead.
You block the yak's attack.
You hit the yak.
The yak is almost dead.
The yak closely misses you.
You slash the yak!
You kill the yak!
Your Fighting skill increases to level 9!
Your Axes skill gained 2 levels and is now at level 8!
Your Armour skill increases to level 9!
Your Shields skill increases to level 8!
You have reached level 7!
Found an opulent altar of Gozag.
There is an open door, spattered with blood here.
Found a sparkling altar of Nemelex Xobeh.
There is an entrance to Sost's Book Emporium here.
There is a glowing golden altar of the Shining One here.
You kneel at the altar of the Shining One.
The Shining One welcomes you!
There is an entrance to Sost's Book Emporium here.
There is an open door, spattered with blood here.
There is an ornate altar of the Wu Jian Council here.
You see here a stone.
There is an open door here.
You open the door.
A slime creature comes into view.
The slime creature quivers.
Found four altars.
You hit the slime creature.
The slime creature is lightly wounded.
You block the slime creature's attack.
You hit the slime creature.
The slime creature is lightly wounded.
The slime creature hits you!
You die...

################ ##
#<.#..').#.)'..#__#
#..').#..'..#.@J..+
#..#####+#####'#__#
#..#### #...#(# ##
#..#__####..##.#
#..#_____##'#_.+
#⌠⌠#_.∩...'..._#
####_..__##_.#'#
#_____###+#.#
####### ###


You could see a slime creature.

Vanquished Creatures
  Sigmund (D)
  A yak (D)
  An ogre (D)
  A jelly (D)
  Ijyb (D)
5 creatures vanquished.

Notes
Turn   | Place    | Note
-------+----------+-------------------------------------------
     0 | D        | Heoruswealwe the Hill Orc Fighter began the quest for the
                  | Orb.
     0 | D        | Reached XP level 1. HP: 19/19 MP: 1/1
     1 | D        | Noticed Ijyb
    11 | D        | Killed Ijyb
    12 | D        | Reached skill level 5 in Fighting
    12 | D        | Reached XP level 2. HP: 22/29 MP: 2/2
    12 | D        | Reached XP level 3. HP: 27/36 MP: 3/3
    14 | D        | Noticed an ogre
    20 | D        | Killed an ogre
    21 | D        | Reached skill level 5 in Axes
    21 | D        | Reached XP level 4. HP: 39/47 MP: 4/4
    23 | D        | Noticed Sigmund
    31 | D        | Killed Sigmund
    32 | D        | Reached XP level 5. HP: 10/56 MP: 5/5
    32 | D        | Reached XP level 6. HP: 11/62 MP: 6/6
    44 | D        | Found an ornate altar of the Wu Jian Council.
    44 | D        | Found a shimmering blue altar of Sif Muna.
    46 | D        | Found a radiant altar of Vehumet.
    78 | D        | Found Sost's Book Emporium.
    78 | D        | Found an ancient bone altar of Kikubaaqudgha.
    78 | D        | Found a hazy altar of Hepliaklqana.
    78 | D        | Found a stormy altar of Qazlal.
    78 | D        | Found a hide-covered altar of Uskayaw.
    78 | D        | Found a blossoming altar of Fedhas.
    78 | D        | Found a bloodstained altar of Trog.
    78 | D        | Found an iron altar of Okawaru.
    78 | D        | Found a basalt altar of Yredelemnul.
    78 | D        | Found a glowing golden altar of the Shining One.
    78 | D        | Found a snail-covered altar of Cheibriados.
    78 | D        | Found a sacrificial altar of Ru.
    78 | D        | Found a glowing silver altar of Zin.
    78 | D        | Found a shadowy altar of Dithmenos.
    78 | D        | Found a white marble altar of Elyvilon.
    78 | D        | Noticed a yak
    84 | D        | Killed a yak
    85 | D        | Reached XP level 7. HP: 7/71 MP: 7/7
    85 | D        | Found an opulent altar of Gozag.
    86 | D        | Found a sparkling altar of Nemelex Xobeh.
    92 | D        | Became a worshipper of the Shining One
   106 | D        | Found a burning altar of Makhleb.
   106 | D        | Found a viscous altar of Jiyva.
   106 | D        | Found a shimmering altar of Xom.
   106 | D        | Found a corrupted altar of Lugonu.
   106 | D        | Noticed a slime creature
   109 | D        | Slain by a slime creature

Illustrated notes

Levels and vault maps discovered:
D:        dungeon_sprint_1 [red_sonja_temple_1, red_sonja_temple_small_1]

Skill      XL: |  1  2  3  4  5  6 |
---------------+-------------------+-----
Fighting       | 5 7 8 9 |  9.7
Axes           | 3 5 6 8 |  8.0
Armour         | 4 6 8 9 |  9.7
Shields        | 4 6 7 8 |  8.6

Action                     |  1- 3 |  4- 6 |  7- 9 || total
---------------------------+-------+-------+-------++-------
  Melee: War axe           |    14 |    14 |     2 ||    30
 Armour: Scale mail        |     5 |     3 |       ||     8
  Dodge: Dodged            |     8 |     4 |       ||    12
  Block: Buckler           |     1 |     1 |     1 ||     3
